 Dungeon Crawl Stone Soup version 0.21.0 (webtiles) character file.

2912 quantumfuzzball the Chopper (level 9, 0/62 HPs)
             Began as a Demonspawn Berserker on Jan 8, 2018.
             Was a High Priest of Trog.
             Succumbed to a killer bee's poison
             ... on level 8 of the Dungeon.
             The game lasted 00:18:12 (8272 turns).

quantumfuzzball the Chopper (Demonspawn Berserker)  Turns: 8272, Time: 00:18:12

Health: 0/62       AC: 12    Str: 21    XL:     9   Next: 49%
Magic:  9/9        EV:  6    Int:  8    God:    Trog [*****.]
Gold:   335        SH:  7    Dex: 13    Spells: 8/8 levels left

rFire    x . .     SeeInvis +   r - +0 war axe
rCold    + . .     Gourm    .   y - +0 shield
rNeg     . . .     Faith    .   o - +0 plate armour
rPois    .         Spirit   .   (no helmet)
rElec    .         Reflect  .   (no cloak)
rCorr    .         Harm     .   (no gloves)
MR       .....     Rnd*Rage +   u - +1 pair of boots
Stlth    ..........             (no amulet)
HPRegen  0.20/turn              l - ring of ice
MPRegen  0.11/turn              j - ring of see invisible

@: lethally poisoned (0 -> -3), berserk cooldown
A: claws 2, icy blue scales 1, berserk 1, deformed body, demonic guardian 1,
frail 1, evolution 1
a: Berserk, Trog's Hand, Brothers in Arms, Burn Spellbooks, Renounce Religion


You were on level 8 of the Dungeon.
You worshipped Trog.
Trog was extremely pleased with you.
You were near starving.

You visited 1 branch of the dungeon, and saw 8 of its levels.

You collected 335 gold pieces.

Inventory:

Hand Weapons
 r - a +0 war axe (weapon)
Armour
 o - a +0 plate armour (worn)
 u - a +1 pair of boots (worn)
 y - a +0 shield (worn)
Jewellery
 j - a ring of see invisible (right claw)
 l - a ring of ice (left claw)
Wands
 k - a wand of enslavement (9)
 E - a wand of digging (12)
Scrolls
 a - 3 scrolls of amnesia {unknown}
 b - a scroll of fear {unknown}
 e - 3 scrolls of remove curse {unknown}
 f - 6 scrolls of identify {unknown}
 g - a scroll of magic mapping {unknown}
 i - 5 scrolls of enchant weapon {unknown}
 q - 3 scrolls of enchant armour {unknown}
 t - 2 scrolls of random uselessness {unknown}
 v - 2 scrolls of blinking {unknown}
 w - a scroll of immolation {unknown}
 B - 2 scrolls of noise {unknown}
Potions
 d - 2 potions of agility
 m - 2 potions of cancellation
 n - 3 potions of curing {unknown}
 p - 3 potions of degeneration {unknown}
 s - 2 potions of heal wounds {unknown}
 z - a potion of lignification {unknown}
 A - a potion of brilliance {unknown}
 C - a potion of resistance {unknown}
Books
 x - a book of Changes

   Spells                             Type                      Level
   a - Beastly Appendage              Transmutation                1
   b - Sticks to Snakes               Transmutation                2
   c - Spider Form                    Transmutation/Poison         3
   d - Ice Form                       Ice/Transmutation            4
   e - Blade Hands                    Transmutation                5
   Trog disapproves of the use of such an item.
Comestibles
 c - 9 rations


   Skills:
 + Level 6.1 Fighting
 * Level 7.5 Axes
 * Level 7.2 Armour
 + Level 5.2 Dodging


You had 8 spell levels left.
You didn't know any spells.

Dungeon Overview and Level Annotations

Branches:
Dungeon (8/15)             Temple (0/1) D:5
   Lair: D:8-11

Altars:
Fedhas
Kikubaaqudgha
Qazlal
Ru
Xom


Innate Abilities, Weirdness & Mutations

You have very sharp fingernails.
You are partially covered in icy blue scales. (AC +2)
A weak demonic guardian rushes to your aid.
You tend to lose your temper in combat.
Armour fits poorly on your strangely shaped body.
You are frail. (-10% HP)
You evolve.


Message History

You are too berserk!
There is a lethal amount of poison in your body!
There is a lethal amount of poison in your body!
You feel your anger nearly subside.
You are no longer berserk.
You are exhausted.
You feel yourself slow down.
It was a potion of agility.
You feel agile all of a sudden.
* * * LOW HITPOINT WARNING * * *
You feel sick.
It was a potion of mutation.
You feel extremely strange.
You feel a little pissed off.
You feel frail.
Your body twists and deforms.
You feel nature experimenting on you.
Don't worry, failures die fast.
* * * LOW HITPOINT WARNING * * *
You feel sick.
It was a potion of cancellation.
Your magical effects are unravelling.
You feel magically purged.
You feel yourself speed up.
You feel a little less agile now.
You die...

. ##...
######....##
#@.†<.......
#.........#.
#.......?.#
#########...
#.


There were no monsters in sight!

Vanquished Creatures
  The ghost of Munq the Destroyer, a novice DEWz (D:5)
  Sigmund (D:6)
  Duvessa (D:6)
  2 sky beasts (D:5)
  2 orc warriors
  2 ice beasts
  3 centaurs
  An ogre (D:6)
  3 bullfrogs
  Dowan (D:6)
  3 scorpions
  3 killer bees
  A howler monkey (D:5)
  3 crimson imps
  A jelly (D:6)
  An orc priest (D:4)
  3 hounds
  2 centaur skeletons
  2 orc wizards (D:5)
  2 bullfrog skeletons
  An iguana (D:4)
  4 worker ants
  A hound zombie (D:5)
  A worker ant zombie (D:7)
  A gnoll (D:1)
  8 adders
  An ooze (D:3)
  An adder skeleton (D:4)
  3 worms
  3 dart slugs
  7 leopard geckos
  18 orcs
  10 giant cockroaches
  7 goblins
  16 hobgoblins
  3 jackals (D:3)
  3 quokkas
  3 ball pythons
  9 bats
  4 frilled lizards
  A jackal skeleton (D:4)
  11 kobolds
  2 quokka skeletons
  9 rats
165 creatures vanquished.

Vanquished Creatures (collateral kills)
  A water moccasin (D:7)
  A phantom (D:5)
  A jelly (D:7)
3 creatures vanquished.

Grand Total: 168 creatures vanquished

Notes
Turn   | Place    | Note
-------+----------+-------------------------------------------
     0 | D:1      | quantumfuzzball the Demonspawn Berserker began the quest for the Orb.
     0 | D:1      | Reached XP level 1. HP: 18/18 MP: 1/1
   261 | D:1      | Gained mutation: You have sharp fingernails. [demonic ancestry]
   261 | D:1      | Reached XP level 2. HP: 9/24 MP: 2/2
   907 | D:1      | Reached XP level 3. HP: 26/29 MP: 3/3
  1194 | D:1      | Reached ** piety under Trog
  1964 | D:2      | Gained mutation: You have very sharp fingernails. [demonic ancestry]
  1964 | D:2      | Reached XP level 4. HP: 3/35 MP: 4/4
  2733 | D:3      | Reached *** piety under Trog
  3566 | D:3      | Reached XP level 5. HP: 35/41 MP: 5/5
  4043 | D:4      | Reached XP level 6. HP: 47/48 MP: 6/6
  4116 | D:4      | Reached **** piety under Trog
  4268 | D:4      | Found a shimmering altar of Xom.
  4268 | D:4      | Found a shimmering altar of Xom.
  4268 | D:4      | Found a shimmering altar of Xom.
  4268 | D:4      | Found a shimmering altar of Xom.
  4268 | D:4      | Found a shimmering altar of Xom.
  4268 | D:4      | Found a shimmering altar of Xom.
  4268 | D:4      | Found a shimmering altar of Xom.
  4268 | D:4      | Found a shimmering altar of Xom.
  4269 | D:4      | Found a shimmering altar of Xom.
  4271 | D:4      | Found a shimmering altar of Xom.
  4839 | D:5      | Entered Level 5 of the Dungeon
  4913 | D:5      | Gained mutation: A weak demonic guardian rushes to your aid. [demonic ancestry]
  4913 | D:5      | Reached XP level 7. HP: 48/54 MP: 7/7
  5280 | D:5      | Reached skill level 5 in Axes
  5401 | D:5      | Noticed Munq's ghost (novice DEWz)
  5415 | D:5      | Killed Munq's ghost
  5415 | D:5      | Reached skill level 5 in Armour
  5415 | D:5      | Reached XP level 8. HP: 54/61 MP: 8/8
  5503 | D:5      | Found a staircase to the Ecumenical Temple.
  5949 | D:5      | Reached skill level 5 in Fighting
  6627 | D:6      | Noticed Duvessa
  6636 | D:6      | Killed Duvessa
  6640 | D:6      | Noticed Dowan
  6642 | D:6      | Killed Dowan
  6745 | D:6      | Noticed Sigmund
  6757 | D:6      | Killed Sigmund
  6830 | D:6      | Gained mutation: You are partially covered in icy blue scales. (AC +2) [demonic ancestry]
  6830 | D:6      | Reached XP level 9. HP: 68/68 MP: 9/9
  7553 | D:7      | Found a blossoming altar of Fedhas.
  7570 | D:7      | Reached skill level 5 in Dodging
  7962 | D:7      | Found a sacrificial altar of Ru.
  7962 | D:7      | Found an ancient bone altar of Kikubaaqudgha.
  7968 | D:7      | Found a stormy altar of Qazlal.
  7970 | D:7      | Found a faded altar of an unknown god.
  7972 | D:7      | Found a faded altar of an unknown god.
  8225 | D:7      | Reached ***** piety under Trog
  8263 | D:8      | HP: 4/103 [killer bee (4)]
  8270 | D:8      | HP: 1/69 [poisoned by a killer bee]
  8271 | D:8      | Gained mutation: You tend to lose your temper in combat. [potion of mutation]
  8271 | D:8      | Gained mutation: You are frail. (-10% HP) [potion of mutation]
  8271 | D:8      | Gained mutation: Armour fits poorly on your strangely shaped body. [potion of mutation]
  8271 | D:8      | Gained mutation: You evolve. [potion of mutation]
  8272 | D:8      | Succumbed to a killer bee's poison

Skill      XL: |  1  2  3  4  5  6  7  8  9 |
---------------+----------------------------+-----
Armour         | 2 3 4 5 6 7 |  7.2
Dodging        | 2 3 4 5 |  5.2
Axes           | 3 4 5 6 7 |  7.5
Fighting       | 4 5 6 |  6.1

Action                   |  1- 3 |  4- 6 |  7- 9 || total
-------------------------+-------+-------+-------++-------
Melee: Hand axe          |   147 |   134 |       ||   281
       War axe           |       |   101 |   311 ||   412
Invok: Berserk           |     1 |     2 |     9 ||    12
  Use: Potion            |       |       |     3 ||     3
 Stab: Sleeping          |     1 |       |       ||     1
       Distracted        |       |       |     1 ||     1
  Eat: Chunk             |     4 |    11 |    19 ||    34
Armor: Animal skin       |    26 |       |       ||    26
       Plate armour      |       |   177 |   234 ||   411
       Ring mail         |       |    13 |       ||    13
Dodge: Dodged            |    99 |   137 |    68 ||   304
Block: Shield            |       |       |   125 ||   125
